 Dungeon Crawl Stone Soup version 0.28-a0-723-g095bd1b44f (webtiles) character file.

Game seed: 11223357806585883916

76 BlueGoblin the Ducker (level 4, -2/31 HPs)
             Began as an Octopode Monk on Oct 26, 2021.
             Slain by a goblin (3 damage)
             ... led by Robin
             ... on level 1 of the Dungeon.
             The game lasted 00:01:44 (2099 turns).

BlueGoblin the Ducker (Octopode Monk)               Turns: 2099, Time: 00:01:44

Health: -2/31      AC:  1    Str: 10    XL:     4   Next: 32%
Magic:  4/4        EV: 15    Int: 12    God:
Gold:   85         SH:  0    Dex: 15    Spells: 3/3 levels left

rFire   . . .      SeeInvis .   a - +0 short sword
rCold   . . .      Faith    .   (no shield)
rNeg    . . .      Spirit   .   (helmet restricted)
rPois   .          Reflect  .   (no amulet)
rElec   .          Harm     .   (no ring)
rCorr   .          Rampage  .   (no ring)
Will    .....                   (no ring)
Stlth   +++.......              (no ring)
HPRegen 0.10/turn               (no ring)
MPRegen 0.09/turn               (no ring)
                                (no ring)
                                (no ring)

@: lethally poisoned (-2 -> -16)
A: almost no armour, amphibious, 8 rings, camouflage 1, gelatinous body 1,
(nimble swimmer 1), tentacles
a: no special abilities


You were on level 1 of the Dungeon.
You visited 1 branch of the dungeon, and saw 2 of its levels.

You collected 85 gold pieces.

Inventory:

Hand Weapons
 a - a +0 short sword (weapon)
 e - a +0 dagger
Scrolls
 b - a scroll of identify {unknown}
 c - a scroll of summoning {unknown}
 d - 3 scrolls of brand weapon {unknown}


   Skills:
 - Level 3.0 Fighting
 - Level 3.0 Short Blades
 + Level 5.0 Dodging
 - Level 2.6 Stealth


You had 3 spell levels left.
You didn't know any spells.
Your spell library was empty.

Dungeon Overview and Level Annotations

Branches:
Dungeon (2/15)

Altars:


Innate Abilities, Weirdness & Mutations

You cannot wear most types of armour.
You are amphibious.
You can wear up to eight rings at the same time.
Your skin changes colour to match your surroundings (Stealth+).
Your rubbery body absorbs attacks. (AC +1, EV +1)
((You are camouflaged near water. (Stealth+)))
You have tentacles for arms and can constrict up to eight enemies at once.


Message History

Things that are here:
a +0 dagger; a goblin corpse; a giant cockroach corpse
e - a +0 dagger
Okay, then.
Unknown command.
You start resting.
HP restored.
You start waiting.
Done waiting.
There is a stone staircase leading down here.
You see here a goblin skeleton.
You climb downwards.
The goblin hits you with a +2 dagger of venom.
The goblin closely misses you.
The goblin hits you with a +2 dagger of venom.
You are poisoned.
There is a stone staircase leading up here.
You feel sick.
The goblin hits you with a +2 dagger of venom. x2
You are lethally poisoned!
You climb upwards.
You feel very sick.
There is a stone staircase leading down here.
You see here a goblin skeleton.
You aren't carrying any potions.
You hit the goblin. You grab the goblin.
The goblin is moderately wounded.
You constrict the goblin.
* * * LOW HITPOINT WARNING * * *
You feel very sick.
The goblin hits you with a +2 dagger of venom.
* * * LOW HITPOINT WARNING * * *
You are more poisoned.
The goblin misses you.
You hit the goblin.
You kill the goblin!
* * * LOW HITPOINT WARNING * * *
You feel very sick.
The goblin hits you with a +2 dagger of venom.
You die...

###.##.# #.# #..≈≈..#
.......# #.# #≈≈≈..≈##
###.#### ##.## #..≈....# #.#
##...######..P≈.♣.# #.#
#.....#...#.......# #.#
##...##.#.####''### #.#######
##.###.#.......#
#.......####.###.#########
#######......)@g.#
######.##### #.# #.# #.# #.#
#.# #########
##########.####### #.......#
#...............÷####.#####.#


You could see a goblin.

Vanquished Creatures
  Natasha (D:2)
  Robin (D:2)
  A dart slug (D:1)
  5 ball pythons (D:1)
  An endoplasm (D:1)
  2 giant cockroaches (D:1)
  5 goblins
  5 hobgoblins
  4 jackals (D:1)
  A quokka (D:1)
  3 bats (D:1)
  2 frilled lizards
  2 kobolds (D:1)
  3 rats (D:1)
36 creatures vanquished.

Notes
Turn   | Place    | Note
-------+----------+-------------------------------------------
     0 | D:1      | BlueGoblin the Octopode Monk began the quest for the Orb.
     0 | D:1      | Reached XP level 1. HP: 16/16 MP: 1/1
   113 | D:1      | Reached XP level 2. HP: 15/21 MP: 2/2
   734 | D:1      | Reached skill level 4 in Dodging
   940 | D:1      | Reached XP level 3. HP: 26/26 MP: 3/3
  1267 | D:2      | Noticed Natasha
  1276 | D:2      | Killed Natasha
  1591 | D:2      | Found a faded altar of an unknown god.
  1688 | D:2      | Noticed Robin
  1714 | D:2      | Reached XP level 4. HP: 26/31 MP: 4/4
  1774 | D:2      | Killed Robin
  1789 | D:2      | Reached skill level 5 in Dodging
  2099 | D:1      | HP: 1/31 [poisoned by a goblin]
  2099 | D:1      | Slain by a goblin

Illustrated notes

Levels and vault maps discovered:
D:1:      lightli_arrival_windingriver, layout_loops_corners, st_stairs_6
D:2:      layout_loops_ring, ebering_ecumenical_altar_box,
          guppyfry_early_orc_mine, uniq_natasha, uniq_robin

Skill      XL: |  1  2  3  4 |
---------------+-------------+-----
Dodging        | 4 5 |  5.0
Fighting       | |  3.0
Short Blades   | |  3.0
Stealth        | |  2.6

Action                   |  1- 3 |  4- 6 || total
-------------------------+-------+-------++-------
Melee: Short sword       |    43 |    22 ||    65
       Constrict         |    10 |     8 ||    18
       Tentacles         |     7 |     3 ||    10
 Stab: Sleeping          |     9 |       ||     9
Armor: Skin              |     2 |     1 ||     3
Dodge: Dodged            |    13 |    21 ||    34

Table legend: (Time is in decaauts)
 A = Elapsed time spent in this place.
 B = Non-inter-level travel time spent in this place.
 C = Inter-level travel time spent in this place.
 D = Time resting spent in this place.
 E = Time spent auto-exploring this place.
 F = Levels seen in this place.
 G = Mean time per level.
                   A        B        C        D        E       F      G
               +--------+--------+--------+--------+--------+-----+--------+
         Total |   2110 |   2069 |     41 |    917 |    943 |   2 | 1055.0 |
       Dungeon |   2110 |   2069 |     41 |    917 |    943 |   2 | 1055.0 |
               +--------+--------+--------+--------+--------+-----+--------+

Top non-repeatable levels by time:
     D:1: 1499 daAuts
     D:2: 611 daAuts
